General information
- name: BNet
- type: Ladder team game (AT/RT)
- host: Battle.net
- saver: ILoveYouImSorry
map: Deadlands
- players: 8
- length: 35:37
- speed: Fast
- version: 1.26 W3XP
- replay type: Public
» download(200 KB)
Players
team 1 (winner)
I_LIKEtoPOOP (
green | 52 APM | 883 actions | 16:53)
5 Tauren Chieftain
2 War Stomp
3 Endurance Aura
» actions
| Assign group hotkey | 20 | |
| Basic commands | 24 | |
| Build / train | 61 | |
| Enter build submenu | 21 | |
| Enter hero's abilities submenu | 6 | |
| Give item / drop item | 5 | |
| Remove unit from queue | 2 | |
| Right click | 364 | |
| Select / deselect | 190 | |
| Select group hotkey | 133 | |
| Use ability | 57 | |
883 total
» units
» upgrades
| Melee Weapons | 3 | |
| Armor | 2 | |
| Berserker Strength | 1 | |
| Shaman Training | 2 | |
| Reinforced Defenses | 1 | |
9 total
» buildings
| Altar of Storms | 1 | |
| Orc Burrow | 6 | |
| Barracks | 1 | |
| Voodoo Lounge | 1 | |
| War Mill | 1 | |
| Stronghold | 1 | |
| Fortress | 1 | |
| Spirit Lodge | 3 | |
| Beastiary | 1 | |
| Tauren Totem | 2 | |
| Great Hall | 1 | |
19 total
» build order
00:08 Altar of Storms
00:17 Orc Burrow
00:31 Barracks
01:34 Orc Burrow
01:55 Voodoo Lounge
02:49 War Mill
04:45 Orc Burrow
05:26 Stronghold
07:41 Orc Burrow
07:49 Fortress
08:32 Orc Burrow
08:54 Spirit Lodge
09:03 Spirit Lodge
09:30 Spirit Lodge
12:44 Orc Burrow
14:16 Beastiary
14:19 Tauren Totem
14:55 Tauren Totem
15:30 Great Hall
» items
| Healing Salve | 6 | |
| Lesser Clarity Potion | 3 | |
| Scroll of Speed | 1 | |
| Orb of Lightning | 1 | |
| Scroll of Town Portal | 2 | |
| Potion of Lesser Invulnerability | 1 | |
| Potion of Healing | 1 | |
15 total
HeliumVola (
red | 107 APM | 3803 actions | 35:37)
10 Archmage
3 Summon Water Elemental
3 Brilliance Aura
1 Mass Teleport
3 Blizzard
» actions
| Assign group hotkey | 73 | |
| Basic commands | 105 | |
| Build / train | 249 | |
| ESC pressed | 8 | |
| Enter build submenu | 95 | |
| Enter hero's abilities submenu | 9 | |
| Give item / drop item | 8 | |
| Right click | 1386 | |
| Select / deselect | 608 | |
| Select group hotkey | 994 | |
| Use ability | 268 | |
3803 total
» units
| Peasant | 31 | |
| Footman | 10 | |
| Goblin Shredder | 5 | |
| Dragonhawk Rider | 8 | |
| Gryphon Rider | 8 | |
| Flying Machine | 5 | |
| Goblin Sapper | 2 | |
69 total
» upgrades
| Masonry | 3 | |
| Lumber Harvesting | 2 | |
| Defend | 1 | |
| Swords | 3 | |
| Storm Hammers | 2 | |
| Animal War Training | 1 | |
| Armor | 3 | |
| Cloud | 1 | |
| Backpack | 1 | |
| Magic Sentry | 1 | |
| Sorceress Training | 1 | |
| Flak Cannons | 1 | |
| Flying Machine Bombs | 1 | |
| Plating | 3 | |
| Gunpowder | 3 | |
| Fragmentation Shards | 1 | |
| Flare | 1 | |
29 total
» buildings
| Altar of Kings | 2 | |
| Barracks | 1 | |
| Farm | 14 | |
| Arcane Vault | 2 | |
| Town Hall | 3 | |
| Lumber Mill | 3 | |
| Scout Tower | 49 | |
| Keep | 3 | |
| Guard Tower | 80 | |
| Arcane Tower | 12 | |
| Blacksmith | 1 | |
| Castle | 3 | |
| Gryphon Aviary | 7 | |
| Arcane Sanctum | 1 | |
| Workshop | 6 | |
187 total
» build order
00:16 Altar of Kings
00:18 Barracks
00:20 Farm
00:58 Farm
01:38 Farm
02:15 Arcane Vault
02:22 Farm
03:02 Town Hall
04:36 Lumber Mill
05:38 Town Hall
05:40 Scout Tower
05:44 Scout Tower
05:45 Scout Tower
05:47 Scout Tower
05:54 Scout Tower
05:56 Scout Tower
06:00 Keep
06:13 Guard Tower
06:14 Arcane Tower
06:14 Arcane Tower
06:45 Guard Tower
06:53 Guard Tower
07:09 Guard Tower
07:10 Guard Tower
07:10 Guard Tower
07:22 Blacksmith
08:05 Scout Tower
08:06 Scout Tower
08:15 Scout Tower
08:16 Scout Tower
08:19 Scout Tower
08:25 Castle
08:25 Castle
08:34 Guard Tower
08:35 Guard Tower
08:35 Guard Tower
08:44 Arcane Tower
08:44 Arcane Tower
08:45 Guard Tower
08:45 Guard Tower
08:46 Guard Tower
08:46 Guard Tower
08:46 Guard Tower
09:00 Scout Tower
09:01 Scout Tower
09:02 Scout Tower
09:21 Gryphon Aviary
09:22 Gryphon Aviary
09:24 Gryphon Aviary
09:26 Scout Tower
09:27 Scout Tower
09:27 Scout Tower
09:29 Scout Tower
09:31 Scout Tower
09:32 Scout Tower
09:43 Guard Tower
09:48 Scout Tower
10:02 Guard Tower
10:02 Guard Tower
10:05 Guard Tower
10:05 Guard Tower
10:05 Guard Tower
10:06 Guard Tower
10:06 Guard Tower
10:08 Guard Tower
10:09 Guard Tower
10:09 Guard Tower
10:10 Guard Tower
10:10 Guard Tower
10:10 Guard Tower
10:20 Guard Tower
10:24 Gryphon Aviary
10:33 Scout Tower
10:33 Scout Tower
10:34 Scout Tower
10:36 Scout Tower
10:36 Scout Tower
10:38 Scout Tower
10:46 Farm
10:57 Guard Tower
10:57 Guard Tower
10:58 Arcane Tower
10:59 Arcane Tower
11:01 Scout Tower
11:05 Arcane Tower
11:05 Guard Tower
11:05 Guard Tower
11:05 Guard Tower
11:06 Guard Tower
11:10 Guard Tower
11:10 Guard Tower
11:11 Guard Tower
11:30 Guard Tower
12:28 Gryphon Aviary
12:32 Farm
13:23 Scout Tower
13:24 Scout Tower
13:59 Guard Tower
13:59 Guard Tower
13:59 Guard Tower
14:00 Guard Tower
15:52 Gryphon Aviary
15:55 Gryphon Aviary
16:00 Arcane Sanctum
16:56 Farm
17:01 Farm
17:04 Farm
17:07 Farm
17:11 Scout Tower
17:11 Scout Tower
17:19 Farm
17:47 Guard Tower
17:47 Guard Tower
17:48 Guard Tower
17:48 Guard Tower
19:35 Farm
19:37 Scout Tower
21:58 Scout Tower
22:00 Scout Tower
22:01 Scout Tower
22:33 Guard Tower
22:33 Guard Tower
22:33 Guard Tower
22:33 Guard Tower
22:35 Guard Tower
22:35 Guard Tower
23:34 Scout Tower
23:35 Scout Tower
23:35 Scout Tower
23:36 Scout Tower
23:37 Scout Tower
24:25 Arcane Tower
24:25 Guard Tower
24:57 Town Hall
25:01 Scout Tower
25:02 Scout Tower
25:04 Scout Tower
25:05 Scout Tower
25:51 Guard Tower
25:51 Guard Tower
25:52 Guard Tower
25:57 Workshop
26:24 Workshop
26:36 Workshop
26:38 Workshop
26:51 Keep
27:09 Scout Tower
27:09 Scout Tower
27:10 Scout Tower
27:12 Scout Tower
27:15 Workshop
27:18 Workshop
27:42 Lumber Mill
29:36 Lumber Mill
29:44 Altar of Kings
31:40 Guard Tower
32:05 Arcane Vault
34:21 Farm
34:26 Farm
» items
| Scroll of Regeneration | 8 | |
| Potion of Healing | 4 | |
| Ivory Tower | 4 | |
| Staff of Teleportation | 1 | |
| Periapt of Vitality | 1 | |
| Mechanical Critter | 3 | |
| Scroll of Town Portal | 1 | |
22 total

»
Lent (
blue | 34 APM | 1193 actions | 35:27)
4 Far Seer
2 Feral Spirit
2 Chain Lighting
» actions
| Assign group hotkey | 24 | |
| Build / train | 51 | |
| Enter build submenu | 18 | |
| Enter hero's abilities submenu | 4 | |
| Right click | 518 | |
| Select / deselect | 365 | |
| Select group hotkey | 90 | |
| Use ability | 123 | |
1193 total
» units
| Peon | 8 | |
| Grunt | 13 | |
| Draenei Darkslayer | 1 | |
| Spirit Walker | 1 | |
| Shaman | 2 | |
| Troll Batrider | 8 | |
33 total
» upgrades
| Melee Weapons | 2 | |
| Berserker Strength | 1 | |
| Spirit Walker Training | 2 | |
| Shaman Training | 1 | |
| Liquid Fire | 1 | |
7 total
» buildings
| Altar of Storms | 1 | |
| Orc Burrow | 6 | |
| Barracks | 1 | |
| War Mill | 1 | |
| Voodoo Lounge | 1 | |
| Stronghold | 2 | |
| Great Hall | 1 | |
| Spirit Lodge | 1 | |
| Fortress | 1 | |
| Watch Tower | 1 | |
| Tauren Totem | 1 | |
| Beastiary | 3 | |
20 total
» build order
00:10 Altar of Storms
00:15 Orc Burrow
00:24 Barracks
01:34 Orc Burrow
02:29 Orc Burrow
03:08 War Mill
03:22 Voodoo Lounge
04:05 Stronghold
04:05 Stronghold
05:57 Orc Burrow
06:46 Great Hall
06:52 Orc Burrow
07:03 Spirit Lodge
08:12 Orc Burrow
08:15 Fortress
11:09 Watch Tower
13:41 Tauren Totem
15:15 Beastiary
15:29 Beastiary
16:07 Beastiary
» items
| Healing Salve | 2 | |
| Potion of Healing | 1 | |
3 total
team 2 (loser)
crazy_chicken. (
purple | 34 APM | 1035 actions | 30:30)
6 Demon Hunter
3 Mana Burn
2 Evasion
1 Metamorphosis
» actions
| Basic commands | 4 | |
| Build / train | 87 | |
| Enter build submenu | 28 | |
| Enter hero's abilities submenu | 6 | |
| Give item / drop item | 4 | |
| Remove unit from queue | 2 | |
| Right click | 520 | |
| Select / deselect | 326 | |
| Use ability | 58 | |
1035 total
» units
| Wisp | 23 | |
| Archer | 7 | |
| Hippogryph | 19 | |
| Chimaera | 11 | |
60 total
» upgrades
| Strength of the Wild | 3 | |
| Reinforced Hides | 3 | |
| Corrosive Breath | 1 | |
| Ultravision | 1 | |
8 total
» buildings
| Altar of Elders | 1 | |
| Moon Well | 9 | |
| Ancient of War | 1 | |
| Tree of Life | 4 | |
| Tree of Ages | 1 | |
| Tree of Eternity | 1 | |
| Ancient of Wind | 3 | |
| Chimaera Roost | 3 | |
| Hunter's Hall | 1 | |
24 total
» build order
00:31 Altar of Elders
00:36 Moon Well
01:06 Ancient of War
01:46 Moon Well
02:43 Moon Well
04:52 Tree of Life
05:00 Tree of Ages
05:10 Moon Well
06:21 Moon Well
06:34 Tree of Life
07:28 Tree of Eternity
07:35 Ancient of Wind
07:38 Ancient of Wind
09:57 Chimaera Roost
10:00 Chimaera Roost
10:07 Ancient of Wind
11:10 Hunter's Hall
11:26 Chimaera Roost
12:38 Moon Well
12:44 Moon Well
12:55 Moon Well
13:40 Moon Well
22:08 Tree of Life
29:47 Tree of Life
» items
| Scroll of Town Portal | 1 | |
| Potion of Healing | 2 | |
| Scroll of Protection | 2 | |
5 total
ILoveYouImSorry (
pink | 59 APM | 2117 actions | 35:37)
7 Blademaster
3 Wind Walk
3 Critical Strike
1 Bladestorm
» actions
| Assign group hotkey | 303 | |
| Basic commands | 150 | |
| Build / train | 81 | |
| Enter build submenu | 52 | |
| Enter hero's abilities submenu | 7 | |
| Give item / drop item | 9 | |
| Right click | 898 | |
| Select / deselect | 291 | |
| Select group hotkey | 212 | |
| Use ability | 114 | |
2117 total
» units
| Peon | 11 | |
| Grunt | 6 | |
| Goblin Shredder | 3 | |
| Wind Rider | 11 | |
| Goblin Sapper | 5 | |
| Acolyte | 1 | |
37 total
» upgrades
| Ranged Weapons | 3 | |
| Envenomed Spears | 1 | |
| Reinforced Defenses | 1 | |
| Armor | 3 | |
| Spiked Barricades | 3 | |
11 total
» buildings
| Orc Burrow | 7 | |
| Altar of Storms | 1 | |
| Barracks | 1 | |
| Stronghold | 1 | |
| Voodoo Lounge | 1 | |
| War Mill | 2 | |
| Great Hall | 3 | |
| Watch Tower | 32 | |
| Fortress | 2 | |
| Beastiary | 8 | |
58 total
» build order
00:22 Orc Burrow
00:51 Altar of Storms
00:52 Barracks
01:06 Orc Burrow
02:40 Stronghold
02:47 Voodoo Lounge
03:02 Orc Burrow
04:18 War Mill
05:19 Great Hall
05:30 Watch Tower
05:31 Watch Tower
05:31 Watch Tower
06:01 Orc Burrow
07:32 Fortress
07:32 Fortress
07:35 Beastiary
07:36 Beastiary
07:37 Beastiary
08:14 Beastiary
09:14 Great Hall
09:32 Watch Tower
09:32 Watch Tower
09:33 Watch Tower
09:33 Watch Tower
09:35 Watch Tower
09:35 Watch Tower
10:34 War Mill
10:42 Orc Burrow
10:46 Orc Burrow
13:01 Watch Tower
13:01 Watch Tower
13:01 Watch Tower
13:02 Watch Tower
13:04 Watch Tower
14:01 Watch Tower
14:02 Watch Tower
14:03 Watch Tower
14:04 Watch Tower
14:05 Watch Tower
14:05 Watch Tower
16:29 Watch Tower
16:29 Watch Tower
16:29 Watch Tower
16:30 Watch Tower
16:30 Watch Tower
19:09 Watch Tower
19:10 Watch Tower
19:11 Watch Tower
19:13 Watch Tower
19:14 Watch Tower
19:15 Watch Tower
19:20 Watch Tower
19:28 Beastiary
19:32 Beastiary
19:34 Beastiary
19:42 Beastiary
20:19 Orc Burrow
33:33 Great Hall
» items
| Healing Salve | 6 | |
| Lesser Clarity Potion | 3 | |
| Boots of Speed | 1 | |
| Staff of Teleportation | 1 | |
| Periapt of Vitality | 1 | |
| Orb of Lightning | 1 | |
| Potion of Mana | 2 | |
| Scroll of Town Portal | 3 | |
| Potion of Healing | 1 | |
| Orb of Corruption | 1 | |
20 total

»
ChioDoS-iZ-SiK (
orange | 50 APM | 1547 actions | 31:01)
6 Death Knight
3 Death Coil
2 Unholy Aura
1 Animate Dead
3 Lich
2 Frost Nova
1 Frost Armor
3 Crypt Lord
2 Impale
1 Spiked Carapace
» actions
| Assign group hotkey | 19 | |
| Basic commands | 6 | |
| Build / train | 77 | |
| Enter build submenu | 19 | |
| Enter hero's abilities submenu | 12 | |
| Right click | 625 | |
| Select / deselect | 302 | |
| Select group hotkey | 412 | |
| Use ability | 75 | |
1547 total
» units
| Acolyte | 7 | |
| Ghoul | 3 | |
| Crypt Fiend | 14 | |
| Obsidian Statue | 6 | |
| Frost Wyrm | 9 | |
| Gargoyle | 4 | |
43 total
» upgrades
| Creature Attack | 2 | |
| Creature Carapace | 2 | |
| Destroyer Form | 1 | |
| Web | 1 | |
| Freezing Breath | 1 | |
| Backpack | 1 | |
8 total
» buildings
| Crypt | 1 | |
| Graveyard | 1 | |
| Ziggurat | 9 | |
| Altar of Darkness | 1 | |
| Tomb of Relics | 1 | |
| Halls of the Dead | 1 | |
| Slaughterhouse | 1 | |
| Black Citadel | 4 | |
| Sacrificial Pit | 1 | |
| Boneyard | 1 | |
| Necropolis | 1 | |
22 total
» build order
00:10 Crypt
00:17 Graveyard
00:39 Ziggurat
00:48 Altar of Darkness
01:45 Tomb of Relics
01:50 Ziggurat
03:36 Halls of the Dead
04:17 Ziggurat
06:10 Slaughterhouse
06:47 Ziggurat
08:25 Black Citadel
08:25 Black Citadel
08:25 Black Citadel
10:11 Sacrificial Pit
11:12 Ziggurat
11:17 Boneyard
11:19 Ziggurat
11:38 Necropolis
17:59 Ziggurat
18:00 Ziggurat
18:01 Ziggurat
» items
RealGz (
teal | 32 APM | 999 actions | 31:22)
3 Priestess of the Moon
2 Searing Arrows
1 Trueshot Aura
3 Warden
1 Fan of Knives
2 Shadow Strike
» actions
| Basic commands | 11 | |
| Build / train | 63 | |
| Enter build submenu | 21 | |
| Enter hero's abilities submenu | 6 | |
| Right click | 475 | |
| Select / deselect | 378 | |
| Use ability | 45 | |
999 total
» units
| Wisp | 23 | |
| Chimaera | 13 | |
| Hippogryph | 11 | |
47 total
» upgrades
| Strength of the Wild | 3 | |
| Reinforced Hides | 2 | |
| Corrosive Breath | 1 | |
6 total
» buildings
| Tree of Ages | 1 | |
| Altar of Elders | 1 | |
| Moon Well | 8 | |
| Hunter's Hall | 1 | |
| Ancient Protector | 2 | |
| Ancient of Wind | 1 | |
| Tree of Eternity | 1 | |
| Tree of Life | 2 | |
| Chimaera Roost | 3 | |
20 total
» build order
01:20 Tree of Ages
01:34 Altar of Elders
01:52 Moon Well
02:21 Hunter's Hall
03:55 Moon Well
04:38 Ancient Protector
04:42 Ancient Protector
04:49 Ancient of Wind
05:01 Moon Well
05:37 Tree of Eternity
05:59 Moon Well
06:31 Tree of Life
06:59 Moon Well
08:55 Chimaera Roost
08:58 Chimaera Roost
09:04 Chimaera Roost
13:14 Moon Well
14:24 Moon Well
17:18 Moon Well
25:08 Tree of Life
Chat log
(00:14 / All) ILoveYouImSorry: THOSE WHO SLAY TOGETHER
(00:15 / Allies) ChioDoS-iZ-SiK: 100 gold?
(00:17 / All) ILoveYouImSorry: STAY TOGETHER IN THE END
(00:29 / Allies) ChioDoS-iZ-SiK: >.<
(00:51 / Allies) ChioDoS-iZ-SiK: ty
(01:29 / Allies) ILoveYouImSorry: 100 gold?
(01:34 / Allies) ILoveYouImSorry: 100 lumber?|
(02:14 / Allies) ILoveYouImSorry: can I get some gold?
(02:56 / Allies) ILoveYouImSorry: 200 lumber?
(03:28 / Allies) ILoveYouImSorry: 100 gold?
(04:05 / Allies) ILoveYouImSorry: 100 gold please brothers?
(05:05 / All) ILoveYouImSorry: these creeps map gay
(05:07 / All) ILoveYouImSorry: mad gay
(05:17 / All) HeliumVola: easy as hu
(05:24 / All) ILoveYouImSorry: healing wave is gay
(05:29 / All) HeliumVola: the splash is worse
(05:37 / All) ILoveYouImSorry: and mana burn
(06:08 / All) HeliumVola: dragon falls has mana burn creeps too
(06:10 / All) HeliumVola: on the satyr camps
(07:35 / Allies) ChioDoS-iZ-SiK: wood?
(07:46 / Allies) ChioDoS-iZ-SiK: 100 wood?
(14:30 / Allies) ChioDoS-iZ-SiK: gold plz pink
(15:23 / Allies) ChioDoS-iZ-SiK: gold?
(17:00 / All) Lent: Red has 6k gold and 3k wood
(17:24 / All) ChioDoS-iZ-SiK: pink has 4.5k gold 1k wood
(17:26 / Allies) ChioDoS-iZ-SiK: so...
(17:29 / All) ChioDoS-iZ-SiK: so...
(21:17 / All) HeliumVola: Leave faggots
(21:22 / All) ChioDoS-iZ-SiK: lmaoooo
(21:23 / All) HeliumVola: I 1v4ed you all
(21:26 / All) HeliumVola: you should be embarassed
(21:28 / All) RealGz: lol
(21:37 / All) RealGz: like i cared about my chimz with 6k gold
(21:39 / All) ChioDoS-iZ-SiK: ok team lets get some aa now
(21:45 / Allies) ILoveYouImSorry: let's go purp
(21:51 / All) HeliumVola: too late dumbfuck
(22:58 / Allies) ILoveYouImSorry: c'mon pourple
(23:11 / Allies) ILoveYouImSorry: wtf purple
(23:14 / Allies) ChioDoS-iZ-SiK: stop getting chims
(23:18 / Allies) ChioDoS-iZ-SiK: ...
(23:46 / All) HeliumVola: wtf is that
(23:53 / All) HeliumVola: free chims ty
(24:17 / Allies) ILoveYouImSorry: bro do you get SSI benefits
(24:22 / Allies) ILoveYouImSorry: wtf is this
(24:48 / All) ILoveYouImSorry: I think purple may not be all there
(24:59 / Allies) ILoveYouImSorry: Let's freaking go brothers
(25:33 / All) ChioDoS-iZ-SiK: lol gg
(25:34 / All) RealGz: lmao
(25:39 / All) HeliumVola: It's not over yet faggots
(25:49 / All) RealGz: its been over
(26:30 / Allies) ChioDoS-iZ-SiK: just hit
(26:31 / All) HeliumVola: You can all leave now, this game was rigged
(26:33 / Allies) crazy_chicken.: hit blue
(26:39 / All) ChioDoS-iZ-SiK: ur high
(27:19 / All) RealGz: gj opink
(27:47 / All) RealGz: oj kill pink
(27:53 / All) HeliumVola: Told you it was rigged lol
(28:27 / Allies) ChioDoS-iZ-SiK: gold please
(28:38 / Allies) RealGz: purple kill pink hes tryin to kill us
(28:46 / Allies) RealGz: inc
(28:48 / Allies) RealGz: purple
(28:50 / Allies) RealGz: kill him
(28:51 / Allies) ChioDoS-iZ-SiK: lol pink dont give red the win
(28:55 / Allies) ChioDoS-iZ-SiK: he's a clown
(29:50 / All) RealGz: this game was rigged ur team just sucked
(29:56 / All) HeliumVola: I told you it was rigged already
(30:04 / All) RealGz: no it wasnt
(30:06 / Allies) crazy_chicken.: pink u bitch
(30:13 / All) HeliumVola: You just said it was rigged too
(30:15 / All) HeliumVola: Make upr your mind
(30:29 / All) ILoveYouImSorry: that's two times now Chiodos
(30:33 / All) RealGz: no ur team just sucked just like u
(30:40 / All) HeliumVola: I 1v4ed all of you
(30:47 / All) RealGz: lol cause i let u
(30:52 / All) HeliumVola: Suuuure
(31:09 / All) RealGz: if it wasnt fer pink ud of lost n guess what next time i see pink in a game imma tk him
(31:12 / Allies) RealGz: everytime now
(31:20 / All) ILoveYouImSorry: you won't see me again :)
(31:23 / All) ILoveYouImSorry: Sorry
(31:26 / All) HeliumVola: lol
(31:33 / All) ILoveYouImSorry: Well blue
(31:36 / All) ILoveYouImSorry: that's bad news for ch00
(31:49 / All) HeliumVola: Leave blue
(31:51 / All) HeliumVola: you lost
(34:01 / All) HeliumVola: You lost, leave blue
(34:05 / All) ILoveYouImSorry: gyros so nice for NE air
(34:09 / All) HeliumVola: You will be 42-40 now
(34:16 / All) HeliumVola: yeah
(34:50 / All) HeliumVola: Leave blue
(34:53 / All) HeliumVola: I don't need your resources
(34:54 / All) HeliumVola: You lost
(34:57 / All) HeliumVola: I'm killing my own stuff
(35:00 / All) HeliumVola: and pink is helping me
(35:32 / All) ILoveYouImSorry: alright my team lose
(35:34 / All) HeliumVola: Your team can get the loss